 Dungeon Crawl Stone Soup version 0.32-a0-818-gb728d0252e (webtiles) character file.

Game seed: 3619714378953391078

147 wildpjah the Cudgeller (level 5, 0/46 HPs)
             Began as a Mountain Dwarf Fighter on Mar 25, 2024.
             Killed by divine providence
             ... invoked by an orc priest
              (13 damage)
             ... on level 4 of the Dungeon.
             The game lasted 00:04:30 (2308 turns).

wildpjah the Cudgeller (Mountain Dwarf Fighter)     Turns: 2308, Time: 00:04:30

Health: 0/46       AC:  8    Str: 21    XL:     5   Next: 7%
Magic:  5/5        EV:  9    Int:  8    God:
Gold:   125        SH:  4    Dex:  9    Spells: 4/4 levels left

rFire   . . .        s - staff of alchemy
rCold   . . .        c - +0 buckler
rNeg    . . .        l - +1 ring mail {Will+}
rPois   +            h - +0 helmet
rElec   .            (no cloak)
rCorr   .            (no gloves)
SInv    .            (no boots)
Will    +....        (no amulet) Stlth
                     (no ring)
HPRegen 0.27/turn    (no ring)
MPRegen 0.09/turn

%: no passive effects
@: no status effects
A: runic magic, artefact enchanting
a: Convert to Beogh


You were on level 4 of the Dungeon.
You visited 1 branch of the dungeon, and saw 4 of its levels.

You collected 145 gold pieces.
You spent 20 gold pieces at shops.

Inventory:

Hand Weapons
 a - a +0 flail
 k - a +0 mace
Missiles
 g - 5 darts of dispersal (quivered)
Armour
 b - a +0 scale mail
 c - a +0 buckler (worn)
 h - a +0 helmet (worn)
 l - a +1 ring mail of willpower (worn)
Magical Staves
 p - a staff of cold
 s - a staff of alchemy (weapon)
Scrolls
 e - 5 scrolls of identify
 f - a scroll of enchant armour {unknown}
 i - a scroll of immolation {unknown}
 j - a scroll of vulnerability {unknown}
 r - a scroll of teleportation {unknown}
Potions
 d - a potion of might
 m - a potion of attraction {unknown}
 n - a potion of enlightenment {unknown}
 o - a potion of magic {unknown}
 q - 2 potions of curing {unknown}


   Skills:
 + Level 3.8 Fighting
 - Level 4.5 Maces & Flails
 + Level 4.2 Armour
 + Level 0.5 Dodging
 - Level 0.1 Stealth
 + Level 3.7 Shields
 * Level 0.2 Evocations


You had 4 spell levels left.
You didn't know any spells.
Your spell library contained the following spells:

 Spells                   Type           Power      Damage    Failure   Level
 Dazzling Flash           Conj/Hex       0%         N/A       87%         3
 Gell's Gravitas          Tloc           0%         N/A       87%         3
 Mephitic Cloud           Conj/Alch/Air  0%         N/A       87%         3
 Teleport Other           Tloc           0%         N/A       87%         3
 Curse of Agony           Necr           0%         N/A       100%        5
 Silence                  Hex/Air        0%         N/A       100%        5
 Dispersal                Tloc           0%         N/A       100%        6


Dungeon Overview and Level Annotations

Branches:
Dungeon (4/15)
 Temple: D:4-7

Altars:

Shops:
D:1 ?


Innate Abilities, Weirdness & Mutations

Your spellcasting is much less encumbered by armour.
You can use scrolls of enchantment on lesser artefacts.


Message History

The orc priest begins to cast a cantrip, but forgets the words!
The orc priest miscasts a cantrip.
You start waiting.
An orc priest is nearby!
An orc priest comes into view. It is wielding a +0 short sword.
The orc priest shouts!
You hear a shout!
You hit the orc priest.
The orc priest is moderately wounded.
The orc completely misses you.
The orc priest hits you but does no damage.
You hit the orc priest.
The orc priest is heavily wounded.
The orc hits you but does no damage.
The orc priest calls down the wrath of Beogh upon you.
Beogh smites you!
The orc priest miscasts a cantrip.
The orc priest threatens, "Beogh's wrath is as vast as their mercy.
Make your choice!" (press Y on the ability menu to convert to Beogh)
You closely miss the orc priest.
The orc priest is heavily wounded.
The orc closely misses you.
The orc priest hits you but does no damage.
The orc priest shouts, "Beogh offers mercy even to people such as you.
Join us and be reborn!"
The orc priest shouts, "Surrender to Beogh and we'll let you live!"
You hit the orc priest.
The orc priest is heavily wounded.
The orc hits you but does no damage.
The orc priest looks satisfied for a moment.
You block the orc's attack.
You hit the orc priest.
The orc priest is almost dead.
The orc wizard casts a spell.
The orc wizard flickers and vanishes!
Deactivating autopickup; reactivate with Ctrl-A.
The orc priest invokes the aid of Beogh against you.
Beogh smites you! The orc hits you with a +0 hand axe.
* * * LOW HITPOINT WARNING * * *
The orc priest mumbles some strange prayers to Beogh against you.
Beogh smites you!
You die...

#####..............#
#.#......##....##
###.#...........##
#..###....##.....
##..# #...........
###..####...........
#....#.^....#>..(...
............##....##
...?.....oo@......#
..........o#.#....#
#..........### ..##
#.........{# .##
#..........#
...........#
.............
.###.....###...
.###.....###....


You could see 2 orc priests and an orc.

Vanquished Creatures
  A hound (D:3)
  Terence (D:2)
  2 adders (D:3)
  A dart slug (D:2)
  3 orcs (D:2)
  7 ball pythons
  6 endoplasms
  5 giant cockroaches
  5 goblins
  9 hobgoblins
  4 jackals (D:1)
  3 kobolds
  2 quokkas (D:3)
  7 bats
  7 rats
63 creatures vanquished.

Notes
Turn   | Place    | Note
-------+----------+-------------------------------------------
     0 | D:1      | wildpjah the Mountain Dwarf Fighter began the quest for the
                  | Orb.
     0 | D:1      | Reached XP level 1. HP: 19/19 MP: 1/1
   140 | D:1      | Reached XP level 2. HP: 24/26 MP: 2/2
   248 | D:1      | Found Leaqod's Magic Scroll Shoppe.
   252 | D:1      | Bought a scroll of identify for 20 gold pieces
   834 | D:2      | Reached XP level 3. HP: 29/31 MP: 3/3
  1042 | D:2      | Noticed Terence
  1051 | D:2      | Killed Terence
  1121 | D:2      | Reached XP level 4. HP: 25/40 MP: 4/4
  1644 | D:3      | Identified the +2 dagger "Edaq" {elec, Str+5}
  1914 | D:3      | Reached XP level 5. HP: 43/46 MP: 5/5
  2308 | D:4      | Killed from afar by an orc priest

Illustrated notes

Levels and vault maps discovered:
D:1:      ncdulo_lavacross, layout_loops_ring, serial_shops, shop,
          chequers_serial_rivers_room_b
D:2:      layout_basic, guppyfry_early_orc_mine, uniq_terence
D:3:      wander_river, layout_basic
D:4:      layout_cave_pools, marbit_many_paths, slow_altar_1

Skill      XL: |  1  2  3  4 |
---------------+-------------+-----
Maces & Flails | 3 4 |  4.5
Armour         | 4 |  4.2
Fighting       | |  3.8
Dodging        | |  0.5
Stealth        | |  0.1
Shields        | |  3.7
Evocations     | |  0.2

Action                     |  1- 3 |  4- 6 || total
---------------------------+-------+-------++-------
  Melee: Flail             |    98 |       ||    98
         Mace              |    29 |    76 ||   105
         Staff             |       |    32 ||    32
 Armour: Scale mail        |   108 |     5 ||   113
         Ring mail         |       |    69 ||    69
  Dodge: Dodged            |    54 |    52 ||   106
  Block: Buckler           |    17 |    25 ||    42

Table legend: (Time is in decaauts)
 A = Elapsed time spent in this place.
 B = Non-inter-level travel time spent in this place.
 C = Inter-level travel time spent in this place.
 D = Time resting spent in this place.
 E = Time spent auto-exploring this place.
 F = Levels seen in this place.
 G = Mean time per level.
                   A        B        C        D        E       F      G
               +--------+--------+--------+--------+--------+-----+--------+
         Total |   2370 |   2308 |     62 |      3 |   1789 |   4 |  592.5 |
       Dungeon |   2370 |   2308 |     62 |      3 |   1789 |   4 |  592.5 |
               +--------+--------+--------+--------+--------+-----+--------+

Top non-repeatable levels by time:
     D:1: 849 daAuts
     D:3: 812 daAuts
     D:2: 673 daAuts
     D:4: 35 daAuts
